 Dungeon Crawl Stone Soup version 0.18.1-48-g4cf74bf (console) character file.

28067 Kloppie the Impaler (level 13, -6/160 HPs)
             Began as a Merfolk Berserker on Aug 31, 2016.
             Was a High Priest of Trog.
             Mangled by a torpor snail (10 damage)
             ... on level 4 of the Lair of Beasts.
             The game lasted 00:28:18 (15015 turns).

Kloppie the Impaler (Merfolk Berserker)            Turns: 15015, Time: 00:28:19

Health: -6/160     AC: 11    Str: 26    XL:     13   Next: 36%
Magic:  5/13       EV: 19    Int:  7    God:    Trog [*****.]
Gold:   550        SH:  0    Dex: 17    Spells: 0 memorised, 12 levels left

rFire  . . .     SeeInvis .     a - +2 trident
rCold  . . .     Gourm    .     f - +3 leather armour of the Orb Guardian {rN+ MR+ Regen+ Str+3}
rNeg   + . .     Faith    .     (no shield)
rPois  +         Spirit   .     H - +0 helmet
rElec  .         Dismiss  .     K - +0 cloak
rCorr  .         Reflect  .     G - +0 pair of gloves
SustAt .         Harm     .     (no boots)
MR     ++...                    (no amulet)
Stlth  ..........               A - ring of poison resistance
                                w - ring of protection from magic

@: berserking, slowed, very resistant to hostile enchantments, extremely
unstealthy
A: change form in water, swift swim
a: Berserk, Trog's Hand, Brothers in Arms, Burn Spellbooks, Renounce Religion


You were on level 4 of the Lair of Beasts.
You worshipped Trog.
Trog was extremely pleased with you.
You were not hungry.

You visited 2 branches of the dungeon, and saw 14 of its levels.
You also visited: Sewer.

You collected 704 gold pieces.
You spent 154 gold pieces at shops.

Inventory:

Hand Weapons
 a - a +2 trident (weapon)
 b - a +0 antimagic glaive
 E - a +7 bardiche
Armour
 f - the +3 leather armour of the Orb Guardian (worn) {rN+ MR+ Regen+ Str+3}
   (You found it on level 7 of the Dungeon)

   It affects your strength (+3).
   It protects you from negative energy.
   It affects your resistance to hostile enchantments.
   It increases your rate of regeneration.
 G - a +0 pair of gloves (worn)
 H - a +0 helmet (worn)
 K - a +0 cloak (worn)
Jewellery
 t - an uncursed ring of ice
 w - a ring of protection from magic (left hand)
 z - an uncursed ring of resist corrosion
 A - a ring of poison resistance (right hand)
Wands
 i - a wand of digging (23/24)
 p - a wand of acid (4/15)
Scrolls
 d - a scroll of fog
 e - 6 scrolls of identify
 g - a scroll of enchant weapon
 j - 5 scrolls of recharging
 o - 3 scrolls of teleportation
 x - 8 scrolls of remove curse
 C - a scroll of fear {unknown}
 D - a scroll of magic mapping
Potions
 h - 3 potions of flight
 l - a potion of cure mutation
 m - 3 potions of heal wounds
 n - 6 potions of haste
 r - 2 potions of agility
 s - 3 potions of might
 u - 2 potions of curing
 v - 3 potions of resistance
 B - a potion of brilliance
 F - 2 potions of beneficial mutation {unknown}
 I - a potion of invisibility
 N - 2 potions of degeneration {unknown}
 O - a potion of mutation {unknown}
Books
 y - a book of Conjurations

   Spells                             Type                      Level
   a - Magic Dart                     Conjuration                  1
   b - Searing Ray                    Conjuration                  2
   c - Dazzling Spray                 Conjuration/Hexes            3
   d - Fulminant Prism                Conjuration/Hexes            4
   e - Iskenderun's Mystic Blast      Conjuration                  4
   f - Iskenderun's Battlesphere      Conjuration/Charms           5
   Trog disapproves of the use of such an item.
 J - a book of Dreams

   Spells                             Type                      Level
   a - Ensorcelled Hibernation        Hexes/Ice                    2
   b - Silence                        Hexes/Air                    5
   c - Darkness                       Hexes                        6
   d - Shadow Creatures               Summoning                    6
   Trog disapproves of the use of such an item.
Comestibles
 c - 6 bread rations
 k - 3 beef jerkies
 q - 6 fruits
 L - a meat ration
 M - 10 slices of pizza


   Skills:
 + Level 11.9 Fighting
 + Level 17.7 Polearms
 - Level 10.0 Armour
 - Level 10.4 Dodging


You had 12 spell levels left.
You didn't know any spells.

Dungeon Overview and Level Annotations

Branches:
Dungeon (10/15)            Temple (0/1) D:7            Lair (4/8) D:10
 Spider (0/4) Lair:3
  Swamp: Lair:3-6    Shoals: Lair:3-6       Orc: D:9-12

Altars:
Ashenzari
Dithmenos
Fedhas
Kikubaaqudgha
Nemelex Xobeh
Pakellas
Qazlal
Sif Muna
Trog
The Shining One

Shops:
D:5 %   D:8 ?   D:9 :

Annotations:
D:8 1 runed door


Message History

The eight-headed hydra is almost dead.
The eight-headed hydra completely misses you.
The eight-headed hydra closely misses you.
The eight-headed hydra bites you but does no damage.
The eight-headed hydra bites you.
* * * LOW HITPOINT WARNING * * *
The eight-headed hydra completely misses you.
The eight-headed hydra closely misses you.
The eight-headed hydra misses you. The eight-headed hydra bites you.
* * * LOW HITPOINT WARNING * * *
You impale the eight-headed hydra!!
You kill the eight-headed hydra!
Trog accepts your kill.
Being near the torpor snail leaves you feeling lethargic.
You puncture the torpor snail!
The torpor snail is lightly wounded.
You impale the torpor snail!!
The torpor snail is heavily wounded.
The torpor snail bites you!
You die...

###
#.....<..........
#..#..#.........#
#.#.##..........#
##.####...........
#..## #...........
##..###.......♣♣♣.
#P..##^......♣# #♣
##.....#.....♣ ♣
##@....##.....♣# #♣
#w#####........♣♣♣.
#..# ##...........
!.(.# ##..........
#...######.........#
#.#..##.##.>........
#. ..#.............#
## :##.............#
###.#............


You could see a torpor snail.

Vanquished Creatures
  2 hydras
  Fannar (Lair:2)
  Nergalle (Lair:2)
  Pikel (D:4)
  11 elephants
  A black mamba (Lair:4)
  Joseph (D:9)
  5 spiny frogs
  2 komodo dragons
  2 rime drakes
  A troll (Lair:1)
  A queen bee (D:8)
  2 jumping spiders (Lair:3)
  2 polar bears (Lair:2)
  21 blink frogs
  A basilisk (Lair:2)
  A human (D:8)
  16 yaks
  Grum (Lair:1)
  Eustachio (D:5)
  A steam dragon (D:10)
  3 hungry ghosts
  5 hippogriffs
  Edmund (D:6)
  6 porcupines
  4 water moccasins
  An ice beast (D:10)
  A sky beast (D:8)
  4 black bears
  An orc warrior (D:3)
  3 ogres
  A phantom (D:4)
  7 wolves
  7 centaurs
  7 crocodiles
  7 big kobolds
  Blork the orc (D:4)
  13 giant frogs
  A wyvern zombie (D:10)
  5 scorpions
  27 killer bees
  3 howler monkeys
  5 crimson imps
  A centaur zombie (D:10)
  13 orc wizards
  3 hounds
  5 orc priests
  A centaur skeleton (D:9)
  3 jellies
  A giant frog skeleton (D:6)
  5 iguanas
  6 worker ants
  6 sheep
  A killer bee zombie (D:9)
  3 hound skeletons
  8 gnolls
  8 adders
  68 river rats
  3 shadow imps
  A white imp (D:5)
  5 oozes (Sewer)
  An adder zombie (D:6)
  3 worms
  2 dart slugs
  3 giant geckos
  40 orcs
  6 ball pythons
  2 bat zombies (D:2)
  8 giant cockroaches
  6 goblins
  10 hobgoblins
  3 quokkas
  5 bats
  4 giant newts
  A goblin zombie (D:5)
  2 hobgoblin zombies (D:5)
  16 kobolds
  2 kobold skeletons (D:5)
  A quokka skeleton (D:8)
  8 rats
  A rat zombie (D:2)
  4 plants (D:8)
457 creatures vanquished.

Vanquished Creatures (others)
  Sigmund (D:4)
  A giant frog (D:10)
  An orc wizard (D:6)
  A howler monkey skeleton (D:4)
  A dart slug (D:4)
  An orc (D:4)
  A quokka (D:4)
  A giant gecko skeleton (D:4)
  A quokka skeleton (D:4)
  3 fungi (Lair:4)
  5 plants
17 creatures vanquished.

Grand Total: 474 creatures vanquished

Notes
Turn   | Place    | Note
--------------------------------------------------------------
     0 | D:1      | Kloppie the Merfolk Berserker began the quest for the Orb.
     0 | D:1      | Reached XP level 1. HP: 18/18 MP: 1/1
   223 | D:1      | Reached XP level 2. HP: 21/24 MP: 2/2
   346 | D:1      | Reached skill level 5 in Polearms
   502 | D:1      | Reached ** piety under Trog
   502 | D:1      | Reached XP level 3. HP: 28/30 MP: 3/3
  1390 | D:2      | Found an ancient bone altar of Kikubaaqudgha.
  1579 | D:3      | Noticed an orc warrior
  1593 | D:2      | Reached skill level 6 in Polearms
  1593 | D:2      | Reached XP level 4. HP: 26/38 MP: 4/4
  1766 | D:3      | Killed an orc warrior
  1766 | D:3      | Reached skill level 5 in Fighting
  1766 | D:3      | Reached XP level 5. HP: 19/44 MP: 5/5
  2034 | D:3      | Found a shattered altar of Ashenzari.
  2043 | D:3      | Found a deep blue altar of Sif Muna.
  2100 | D:3      | Reached skill level 7 in Polearms
  2130 | D:3      | Found a sparkling altar of Nemelex Xobeh.
  2465 | D:4      | Noticed Pikel
  2465 | D:4      | Noticed a slave
  2465 | D:4      | Noticed a slave
  2466 | D:4      | Noticed a slave
  2487 | D:4      | Noticed a slave
  2502 | D:4      | Killed Pikel
  2502 | D:4      | Reached skill level 9 in Polearms
  2502 | D:4      | Reached XP level 6. HP: 43/55 MP: 6/6
  2502 | D:4      | Reached XP level 7. HP: 47/60 MP: 7/7
  2595 | D:4      | Noticed Sigmund
  2595 | D:4      | Killed Sigmund
  2612 | D:4      | Reached *** piety under Trog
  2679 | D:4      | Noticed Blork the orc
  2694 | D:4      | Killed Blork the orc
  3110 | D:4      | Reached XP level 8. HP: 55/68 MP: 8/8
  3335 | D:4      | Reached skill level 10 in Polearms
  3628 | D:5      | Entered Level 5 of the Dungeon
  4095 | D:5      | Noticed Eustachio
  4098 | D:5      | Found a glowing drain.
  4123 | Sewer    | Entered a sewer
  4370 | Sewer    | Reached skill level 11 in Polearms
  4675 | Sewer    | Reached XP level 9. HP: 71/75 MP: 9/9
  4820 | Sewer    | Reached skill level 12 in Polearms
  4837 | Sewer    | Reached **** piety under Trog
  4888 | D:5      | Killed Eustachio
  4888 | D:5      | Reached skill level 5 in Dodging
  4935 | D:5      | Found Girror's Food Boutique.
  4997 | D:5      | Found a glowing golden altar of the Shining One.
  5114 | D:5      | Found a glowing golden altar of the Shining One.
  5340 | D:6      | Noticed Edmund
  5363 | D:6      | Killed Edmund
  5717 | D:6      | Reached skill level 13 in Polearms
  5975 | D:6      | Found a stormy altar of Qazlal.
  6226 | D:7      | Found a staircase to the Ecumenical Temple.
  6442 | D:7      | Found an oddly glowing altar of Pakellas.
  7067 | D:7      | Got an ichor-stained leather armour
  7068 | D:7      | Identified the +3 leather armour of the Orb Guardian {rN+ MR+ Regen+ Str+3} (You found it on level 7 of the Dungeon)
  7378 | D:8      | Reached XP level 10. HP: 71/82 MP: 10/10
  7532 | D:8      | Found a blossoming altar of Fedhas.
  7603 | D:8      | Found a bloodstained altar of Trog.
  7651 | D:8      | Found a runed door.
  7651 | D:8      | Found a glowing golden altar of the Shining One.
  7651 | D:8      | Noticed an angel
  7834 | D:8      | Found a shadowy altar of Dithmenos.
  7975 | D:8      | Found Dydwun's Magic Scroll Boutique.
  7978 | D:8      | Bought a scroll of enchant weapon for 105 gold pieces
  7978 | D:8      | Bought a scroll of immolation for 49 gold pieces
  8256 | D:8      | Reached skill level 5 in Armour
  8516 | D:9      | Found Zepsux's Book Boutique.
  8651 | D:9      | Got a shimmering leather armour
  8652 | D:9      | Identified the +0 leather armour of a bazaar {+Inv rF++ Int-2 Dex+3} (You found it on level 9 of the Dungeon)
  8727 | D:9      | Reached ***** piety under Trog
  8968 | D:9      | Noticed Joseph
  8987 | D:9      | Killed Joseph
  9338 | D:10     | Entered Level 10 of the Dungeon
  9468 | D:10     | Reached XP level 11. HP: 82/89 MP: 11/11
  9509 | D:10     | Found a glowing golden altar of the Shining One.
  9527 | D:10     | Found a staircase to the Lair.
 10052 | D:10     | Reached skill level 10 in Fighting
 10124 | Lair:1   | Entered Level 1 of the Lair of Beasts
 10180 | Lair:1   | Reached skill level 10 in Dodging
 10691 | Lair:1   | Noticed Grum
 10712 | Lair:1   | Killed Grum
 11276 | Lair:2   | Received a gift from Trog
 11413 | Lair:2   | Noticed Fannar
 11437 | Lair:2   | Killed Fannar
 11740 | Lair:2   | Reached XP level 12. HP: 99/99 MP: 12/12
 12006 | Lair:2   | Noticed a five-headed hydra
 12031 | Lair:2   | Killed a five-headed hydra
 12031 | Lair:2   | Reached skill level 10 in Armour
 12081 | Lair:2   | Noticed Nergalle
 12095 | Lair:2   | Killed Nergalle
 12095 | Lair:2   | Reached skill level 14 in Polearms
 12689 | Lair:3   | Reached skill level 15 in Polearms
 12708 | Lair:3   | Received a gift from Trog
 12828 | Lair:3   | Reached skill level 16 in Polearms
 13062 | Lair:3   | HP: 7/148 [spiny frog (6)]
 13075 | Lair:3   | Reached XP level 13. HP: 15/105 MP: 13/13
 13310 | Lair:3   | Found a hole to the Spider Nest.
 13687 | Lair:4   | Reached skill level 17 in Polearms
 14687 | Lair:4   | Found a runed door.
 14747 | Lair:4   | Received a gift from Trog
 15010 | Lair:4   | HP: 8/160 [eight-headed hydra (7)]
 15012 | Lair:4   | HP: 3/160 [eight-headed hydra (2)]
 15015 | Lair:4   | Mangled by a torpor snail

Skill      XL: |  1  2  3  4  5  6  7  8  9 10 11 12 13 |
---------------+----------------------------------------+-----
Polearms       | 5 6 9 11 13 16 17 | 17.7
Fighting       | 4 5 7 8 9 10 11 | 11.9
Dodging        | 4 8 10 | 10.4
Armour         | 2 7 8 10 | 10.0

Action                   |  1- 3 |  4- 6 |  7- 9 | 10-12 | 13-15 || total
-------------------------+-------+-------+-------+-------+-------++-------
Melee: Spear             |   145 |   113 |    27 |       |       ||   285
       Trident           |       |       |   630 |  1226 |   339 ||  2195
       Tailslap          |       |       |     9 |     4 |       ||    13
       Glaive            |       |       |       |       |    25 ||    25
Invok: Berserk           |     2 |     3 |     7 |    15 |     1 ||    28
       Trog's Hand       |     1 |     1 |     2 |     8 |     2 ||    14
       Brothers in Arms  |       |       |       |       |     1 ||     1
Evoke: Wand              |       |       |       |     1 |       ||     1
  Use: Scroll            |       |       |    19 |     9 |     1 ||    29
 Stab: Sleeping          |     4 |       |       |     2 |       ||     6
       Distracted        |     1 |       |       |     1 |       ||     2
  Eat: Chunk             |     3 |     2 |    18 |    29 |     7 ||    59
       Bread ration      |       |     1 |     1 |       |       ||     2
       Fruit             |       |       |       |     2 |     2 ||     4
       Meat ration       |       |       |       |     1 |       ||     1
       Royal jelly       |       |       |       |     1 |       ||     1
       Beef jerky        |       |       |       |     1 |       ||     1
Armor: Animal skin       |    12 |     1 |       |       |       ||    13
       Ring mail         |       |     9 |       |       |       ||     9
       Scale mail        |       |     1 |   120 |       |       ||   121
       Leather armour    |       |       |     5 |   151 |    65 ||   221
Dodge: Dodged            |    63 |    38 |   238 |   752 |   266 ||  1357
